 Dungeon Crawl Stone Soup version 0.28.0 (webtiles) character file.

Game seed: 17118510865578820010

17939 Host24 the Quickloader (level 12, 0/80 HPs)
             Began as a Kobold Hunter on Mar 5, 2022.
             Was an Elder of Okawaru.
             Slain by Snorg (5 damage)
             ... on level 3 of the Lair of Beasts.
             The game lasted 00:54:16 (18675 turns).

Host24 the Quickloader (Kobold Hunter)             Turns: 18675, Time: 00:54:16

Health: 0/80       AC: 12    Str: 12    XL:     12   Next: 88%
Magic:  14/21      EV: 31    Int: 12    God:    Okawaru [****..]
Gold:   923        SH:  5    Dex: 21    Spells: 19/23 levels left

rFire   . . .      SeeInvis +   a - +1 hand crossbow
rCold   + + +      Faith    .   (no shield)
rNeg    + . .      Spirit   .   J - +4 skin of Zhor {*Englaciate rC+++ SInv}
rPois   +          Reflect  +   v - +0 helmet
rElec   .          Harm     .   A - +2 ratskin cloak {*Rats rPois rN+ Str-1 Int-1 Dex+1}
rCorr   .          Rampage  .   x - +0 pair of gloves
Will    .....      Clarity  +   (no boots)
Stlth   +++++.....              b - amulet of reflection
HPRegen 0.23/turn               M - +4 ring of evasion
MPRegen 0.17/turn               L - +6 ring of dexterity

@: heroic, finesse-ful, studying Short Blades
A: small, no large weapons, nightstalker 3, clarity, clumsy 1, mutation
resistance 1
a: Renounce Religion, Heroism, Finesse


You were on level 3 of the Lair of Beasts.
You worshipped Okawaru.
Okawaru was greatly pleased with you.
You visited 3 branches of the dungeon, and saw 16 of its levels.

You collected 923 gold pieces.

Inventory:

Hand Weapons
 a - a +1 hand crossbow (weapon)
 c - a +3 vorpal scimitar
 g - a +2 short sword of venom
Missiles
 d - 85 bolts (quivered ammo)
 e - 230 stones
 h - 17 poisoned darts
 m - 3 curare-tipped darts
 p - 57 arrows
 w - 15 sling bullets
 y - 5 javelins
Armour
 v - a +0 helmet (worn)
 x - a +0 pair of gloves (worn)
 A - the +2 ratskin cloak (worn) {*Rats rPois rN+ Str-1 Int-1 Dex+1}
   (You found it on level 4 of the Dungeon)

   When the wearer is hurt, rats may emerge from it to assist them.
   Str:       It affects your strength (-1).
   Int:       It affects your intelligence (-1).
   Dex:       It affects your dexterity (+1).
   rPois:     It protects you from poison.
   rN:        It protects you from negative energy.
 J - the +4 skin of Zhor (worn) {*Englaciate rC+++ SInv}
   (You found it on level 6 of the Dungeon)

   It radiates cold, occasionally slowing all nearby creatures who are not
   resistant to cold.
   rC:        It renders you almost immune to cold.
   SInv:      It lets you see invisible.
Jewellery
 b - an amulet of reflection (around neck)
 L - a +6 ring of dexterity (right hand)
 M - a +4 ring of evasion (left hand)
Wands
 j - a wand of digging (13)
 k - a wand of paralysis (2)
 C - a wand of acid (10)
 P - a wand of polymorph (7)
Scrolls
 l - 6 scrolls of teleportation
 n - a scroll of immolation
 r - a scroll of amnesia
 s - a scroll of blinking
 F - 2 scrolls of fog
 G - a scroll of enchant armour
Potions
 f - 3 potions of cancellation {unknown}
 i - 3 potions of attraction {unknown}
 o - 2 potions of lignification
 q - 2 potions of haste
 t - a potion of curing
 E - a potion of berserk rage
 H - 3 potions of might {unknown}
 K - 5 potions of brilliance {unknown}
Miscellaneous
 u - a tin of tremorstones (2/2)
 z - a condenser vane


   Skills:
 - Level 11.0(16.0) Fighting
 - Level 13.0(18.0) Crossbows
 - Level 10.2(15.2) Dodging
 - Level 1.3(6.3) Stealth
 + Level 6.2 Spellcasting
 - Level 3.1 Translocations
 + Level 6.2 Transmutations
 - Level 8.0 Invocations


You had 19 spell levels left.
You knew the following spells:

 Your Spells              Type           Power      Damage    Failure   Level
a - Blink                 Tloc           22%        N/A       8%          2
b - Wereblood             Tmut           18%        N/A       1%          2

Your spell library contained the following spells:

 Spells                   Type           Power      Damage    Failure   Level
 Beastly Appendage        Tmut           36%        N/A       1%          1
 Apportation              Tloc           22%        N/A       4%          1
 Lesser Beckoning         Tloc           11%        N/A       14%         3
 Spider Form              Tmut/Pois      11%        N/A       16%         3
 Ignite Poison            Fire/Tmut/Pois 8%         N/A       22%         3
 Static Discharge         Conj/Air       3%         N/A       26%         2
 Portal Projectile        Hex/Tloc       14%        N/A       28%         3
 Mephitic Cloud           Conj/Pois/Air  3%         N/A       47%         3
 Manifold Assault         Tloc           11%        N/A       80%         5
 Dispel Undead            Necr           3%         3d7       87%         4
 Leda's Liquefaction      Hex/Erth       1%         N/A       87%         4
 Sticky Flame             Conj/Fire      3%         2d3       87%         4
 Freezing Cloud           Conj/Ice/Air   1%         6-21      99%         5
 Animate Skeleton         Necr           Unusable   N/A       N/A         1
 Summon Small Mammal      Summ           Unusable   N/A       N/A         1
 Call Canine Familiar     Summ           Unusable   N/A       N/A         3
 Summon Guardian Golem    Hex/Summ       Unusable   N/A       N/A         3

Dungeon Overview and Level Annotations

Branches:
Dungeon (11/15)            Temple (1/1) D:7            Lair (4/6) D:8
 Shoals (0/4) Lair:2       Spider (0/4) Lair:2
    Orc: D:9-12

Altars:
Ashenzari
Cheibriados
Dithmenos
Elyvilon
Fedhas
Gozag
Hepliaklqana
Kikubaaqudgha
Makhleb
Nemelex Xobeh
Okawaru
Qazlal
Ru
Sif Muna
Trog
Uskayaw
Vehumet
Wu Jian
Xom
Yredelemnul
Zin
The Shining One

Shops:
D:3 (   D:4 *[(   D:8 [   D:10 =

Annotations:
D:6 1 runed translucent door
Lair:3 Snorg


Innate Abilities, Weirdness & Mutations

You are small and have problems with some larger weapons.
You are completely attuned to the shadows.
You possess an exceptional clarity of mind.
You are clumsy. (Dex -2)
You are somewhat resistant to further mutation.


Message History

You see here a bolt.
Fire: 90 bolts
Press: ? - help, Q - select action, (/) - cycle Shift-Dir - straight line, f/p - Snorg
Aim: Snorg (moderately wounded, slow, 74% to hit)
You shoot a bolt. The bolt hits Snorg!
Snorg is heavily wounded.
Unknown command.
Fire: 89 bolts
Press: ? - help, Q - select action, (/) - cycle Shift-Dir - straight line, f/p - Snorg
Aim: Snorg (heavily wounded, slow, 74% to hit)
You shoot a bolt. The bolt hits Snorg!
Snorg is heavily wounded.
Unknown command.
Fire: 88 bolts
Press: ? - help, Q - select action, (/) - cycle Shift-Dir - straight line, f/p - Snorg
Aim: Snorg (heavily wounded, slow, 74% to hit)
You shoot a bolt. The bolt hits Snorg!
Snorg is severely wounded.
Unknown command.
Fire: 87 bolts
Press: ? - help, Q - select action, (/) - cycle Shift-Dir - straight line, f/p - Snorg
Aim: Snorg (severely wounded, slow, 74% to hit)
You shoot a bolt. The bolt barely misses Snorg.
Snorg completely misses you. x2; Snorg closely misses you.
Unknown command.
Fire: 86 bolts
Press: ? - help, Q - select action, (/) - cycle Shift-Dir - straight line, f/p - Snorg
Aim: Snorg (severely wounded, slow, 74% to hit)
You shoot a bolt. The bolt hits Snorg!
Snorg is almost dead.
Snorg looks more energetic.
Snorg completely misses you. Snorg claws you.
* * * LOW HITPOINT WARNING * * *
Snorg claws you but does no damage.
You can now deal lightning-fast blows.
Snorg bites you!
* * * LOW HITPOINT WARNING * * *
You block Snorg's attack. Snorg misses you.
You gain the combat prowess of a mighty hero.
Snorg bites you.
You die...

....... ..[.... ##..#
##..## ##.# ####.+#.##
##P.## #####..P^....###
....P###.##.........+.#P.
...####†###...(((........
........#........<..##F..
.........((((((T@........
........###.........##...
.........#..........# .
.P..#..#####........#
#####..# ####....## #.###
#...### ##..(######..#.#
......(#.....####
.......(.....#


You could see Snorg.

Vanquished Creatures
  A boulder beetle (D:10)
  A two-headed ogre (D:9)
  Urug (Lair:4)
  Sonja (Lair:3)
  A merfolk siren (Lair:2)
  6 elephants
  5 cane toads
  Maggie (D:6)
  3 komodo dragons
  A hornet (D:9)
  A troll (D:10)
  Grinder (D:5)
  A shadow (D:10)
  Eustachio (D:5)
  22 yaks
  A wyvern (Lair:1)
  2 basilisks
  2 steam dragons
  4 vampire mosquitoes (D:9)
  3 wargs (D:8)
  2 acid dragons (D:10)
  6 water moccasins
  3 ice beasts (D:8)
  3 necrophages
  4 orc warriors
  2 sky beasts
  3 black bears
  8 wolves
  An ogre (D:5)
  2 phantoms
  3 kobold brigands
  4 bullfrogs
  A water moccasin zombie (D:6)
  A scorpion (D:6)
  A wyvern zombie (D:8)
  3 wights (D:9)
  2 electric eels
  2 howler monkeys
  4 centaur zombies
  2 hounds
  4 jellies
  6 orc priests
  An iguana (D:4)
  5 orc wizards
  A bullfrog skeleton (D:5)
  A scorpion zombie (D:3)
  3 centaur simulacra (D:8)
  A howler monkey zombie (D:5)
  3 gnolls (D:4)
  7 adders
  A white imp (D:8)
  An ufetubus (D:8)
  3 worms (D:3)
  A dart slug (D:1)
  31 orcs
  6 ball pythons
  4 endoplasms
  2 giant cockroaches
  6 hobgoblins
  21 kobolds
  3 quokkas (D:5)
  6 bats
  5 frilled lizards
  10 goblins
  5 rats
253 creatures vanquished.

Vanquished Creatures (collateral kills)
  A bullfrog (D:6)
  A centaur skeleton (D:7)
2 creatures vanquished.

Vanquished Creatures (others)
  20 fungi
  39 plants
59 creatures vanquished.

Grand Total: 314 creatures vanquished

Notes
Turn   | Place    | Note
-------+----------+-------------------------------------------
     0 | D:1      | Host24 the Kobold Hunter began the quest for the Orb.
     0 | D:1      | Reached XP level 1. HP: 12/12 MP: 1/1
    36 | D:1      | Reached skill level 5 in Crossbows
   272 | D:1      | Found a faded altar of an unknown god.
   276 | D:1      | Reached XP level 2. HP: 18/18 MP: 2/2
   927 | D:1      | Reached XP level 3. HP: 14/23 MP: 3/3
  1634 | D:2      | Reached XP level 4. HP: 20/28 MP: 4/4
  2089 | D:2      | Found a sacrificial altar of Ru.
  2368 | D:3      | Identified the ring "Qaustral" {*Corrode EV+4 Int+5}
  2979 | D:3      | Found Riheg's Weapon Shoppe.
  3223 | D:3      | Identified the +0 scale mail of Loss {Str+6}
  3238 | D:3      | Reached XP level 5. HP: 31/32 MP: 5/5
  3277 | D:3      | Reached skill level 6 in Crossbows
  3991 | D:4      | Found Hiakh's Antique Weapon Shop.
  4070 | D:4      | Noticed a black bear
  4145 | D:4      | Noticed a necrophage
  4166 | D:4      | Reached skill level 7 in Crossbows
  4187 | D:4      | Killed a necrophage
  4188 | D:4      | Reached XP level 6. HP: 37/37 MP: 6/6
  4302 | D:4      | Found Wius's General Store.
  4405 | D:4      | Reached skill level 8 in Crossbows
  4613 | D:4      | Found Siegfried's Dragon-Slaying Spoils.
  4685 | D:4      | Found the +2 ratskin cloak {*Rats rPois rN+ Str-1 Int-1
                  | Dex+1}
  4798 | D:4      | Killed a black bear
  4799 | D:4      | Reached XP level 7. HP: 41/41 MP: 7/7
  4871 | D:4      | Reached skill level 9 in Crossbows
  4961 | D:5      | Entered Level 5 of the Dungeon
  5286 | D:5      | Noticed a steam dragon
  5300 | D:5      | Killed a steam dragon
  5301 | D:5      | Reached skill level 10 in Crossbows
  5491 | D:5      | Noticed Grinder
  5562 | D:5      | Noticed Eustachio
  5784 | D:5      | Reached XP level 8. HP: 40/46 MP: 8/8
  6106 | D:5      | Killed Eustachio
  6107 | D:5      | Reached skill level 5 in Fighting
  6307 | D:5      | Killed Grinder
  6556 | D:6      | Found the +4 skin of Zhor {*Englaciate rC+++ SInv}
  6619 | D:6      | Reached XP level 9. HP: 58/59 MP: 9/9
  6665 | D:6      | Reached skill level 1 in Invocations
  6725 | D:6      | Noticed Maggie
  6728 | D:6      | Reached skill level 5 in Invocations
  6770 | D:6      | Gained mutation: You are somewhat resistant to further
                  | mutation. [potion of mutation]
  6770 | D:6      | Gained mutation: You are clumsy. (Dex -2) [potion of
                  | mutation]
  6770 | D:6      | Gained mutation: You possess an exceptional clarity of
                  | mind. [potion of mutation]
  6773 | D:6      | Killed Maggie
  7202 | D:6      | Found a runed translucent door.
  7342 | D:6      | Found a glowing silver altar of Zin.
  7342 | D:6      | Found a shadowy altar of Dithmenos.
  7667 | D:7      | Reached skill level 5 in Dodging
  7734 | D:7      | Reached XP level 10. HP: 52/64 MP: 15/15
  7835 | D:7      | Learned a level 2 spell: Blink
  7838 | D:7      | Learned a level 2 spell: Wereblood
  7852 | D:7      | Found a staircase to the Ecumenical Temple.
  7864 | Temple   | Entered the Ecumenical Temple
  8226 | Temple   | Became a worshipper of Warmaster Okawaru
  8905 | D:8      | Reached skill level 1 in Spellcasting
  8905 | D:8      | Reached skill level 1 in Translocations
  9024 | D:8      | Found a staircase to the Lair.
  9179 | D:8      | Reached skill level 1 in Transmutations
  9220 | D:8      | Reached * piety under Okawaru
  9769 | D:8      | Found Koxkudeo's Antique Armour Shoppe.
 10011 | D:9      | Noticed a two-headed ogre
 10510 | D:9      | Reached skill level 5 in Spellcasting
 10594 | D:9      | Reached ** piety under Okawaru
 10741 | D:9      | Reached XP level 11. HP: 63/69 MP: 18/18
 11057 | D:9      | Killed a two-headed ogre
 11058 | D:9      | Reached skill level 10 in Fighting
 11289 | D:10     | Entered Level 10 of the Dungeon
 11658 | D:10     | Reached *** piety under Okawaru
 13810 | D:10     | Noticed a boulder beetle
 13840 | D:10     | Found Echipt's Jewellery Emporium.
 13901 | D:10     | Killed a boulder beetle
 14119 | D:11     | Noticed a cyclops
 14512 | Lair:1   | Entered Level 1 of the Lair of Beasts
 14832 | Lair:1   | Received a gift from Okawaru
 14962 | Lair:1   | Noticed an elephant
 15230 | Lair:1   | Killed an elephant
 15357 | Lair:1   | Reached skill level 5 in Transmutations
 15507 | Lair:1   | Noticed an elephant
 15539 | Lair:1   | Reached XP level 12. HP: 12/80 MP: 17/19
 15806 | Lair:1   | Reached **** piety under Okawaru
 15979 | Lair:1   | Reached skill level 10 in Dodging
 15998 | Lair:1   | Noticed a six-headed hydra
 17032 | Lair:2   | Reached skill level 11 in Crossbows
 17323 | Lair:2   | Received a gift from Okawaru
 17515 | Lair:2   | Found a hole to the Spider Nest.
 17562 | Lair:2   | Reached skill level 12 in Crossbows
 17785 | Lair:2   | Found a staircase to the Shoals.
 17949 | Lair:2   | You fall into a shaft and drop 2 floors!
 17970 | Lair:4   | Noticed Urug
 17997 | Lair:4   | Killed Urug
 18251 | Lair:3   | Reached skill level 13 in Crossbows
 18325 | Lair:3   | Noticed Sonja
 18341 | Lair:3   | Killed Sonja
 18474 | Lair:3   | Noticed a seven-headed hydra
 18604 | Lair:3   | Noticed Snorg
 18675 | Lair:3   | Slain by Snorg

Illustrated notes

Levels and vault maps discovered:
D:1:      amcnicky_arrival_single_pillar, layout_loops_ring,
          shapermc_ecumenical_altar_mp_urbaneastern
D:2:      layout_loops_ring, basic_altar, chequers_garden,
          chequers_decorated_corner
D:3:      minmay_octagon_keep, layout_basic, serial_shops,
          nicolae_shop_bloodbath_and_beyond
D:4:      layout_loops_ring, serial_shops, nicolae_shop_window_shopping, shop,
          hangedman_decor_diamond_cutter, grunt_ministairs_12,
          nicolae_shop_dragon_depot
D:5:      layout_cave_pods, uniq_eustachio, uniq_grinder
D:6:      layout_rooms, gammafunk_temple_overflow_statue,
          ebering_ghost_reflecting_pool, minmay_manual_monolith, uniq_maggie
D:7:      layout_cave_pools, minmay_temple_entry_tees
D:8:      layout_rooms, erik_lair_orcish_takeover, serial_ice, serial_ice_n,
          serial_ice_h, serial_ice_j, serial_ice_c, enter_bailey_8,
          nicolae_take_the_stairs
D:9:      layout_roguey, nrook_uturn
D:10:     layout_rooms, serial_shops, kennysheep_mini_moat, bh_walls_and_bars
D:11:     layout_cave_pods, david_orc_3
Temple:   mainiacjoe_temple_cubbyholes
Lair:1:   layout_cave_pods, wad_woods_river_01
Lair:2:   layout_hall_layers, minmay_shoals_entry_lonely_mermaid,
          spider_nest_entry_web_field, chequers_serial_rivers_micro_d
Lair:3:   layout_roguey, nicolae_volcano_entry_lava_flow,
          minmay_lair_oklob_bushes, uniq_sonja, uniq_snorg
Lair:4:   layout_cave_pods, gammafunk_ghost_wrathful_warriors, uniq_urug

Skill      XL: |  1  2  3  4  5  6  7  8  9 10 11 12 |
---------------+-------------------------------------+-----
Crossbows      | 5 7 8 10 13 | 13.0
Fighting       | 3 8 11 | 11.0
Dodging        | 3 4 6 8 9 10 | 10.2
Invocations    | 7 8 |  8.0
Spellcasting   | 5 6 |  6.2
Translocations | 3 |  3.1
Transmutations | 3 5 6 |  6.2
Stealth        | |  1.3

Action                   |  1- 3 |  4- 6 |  7- 9 | 10-12 || total
-------------------------+-------+-------+-------+-------++-------
Melee: Short sword       |    74 |   140 |   126 |    36 ||   376
       Punch             |       |     3 |     1 |    10 ||    14
       Scimitar          |       |       |    45 |   571 ||   616
 Fire: Hand crossbow     |     4 |    22 |    94 |   270 ||   390
 Cast: Wereblood         |       |       |       |     2 ||     2
Invok: Heroism           |       |       |       |     8 ||     8
       Finesse           |       |       |       |     4 ||     4
  Use: Potion            |       |       |     6 |     3 ||     9
       Scroll            |       |       |     1 |    12 ||    13
 Stab: Sleeping          |     5 |    14 |     5 |    10 ||    34
Armor: Leather armour    |    15 |    15 |    32 |       ||    62
       Animal skin       |       |       |    29 |   123 ||   152
Dodge: Dodged            |    47 |    77 |   147 |   715 ||   986
Block: Other             |     2 |    34 |    58 |   148 ||   242
       Reflection        |       |       |       |     1 ||     1
